 Dungeon Crawl Stone Soup version 0.29.1-1-gd02db6906a (webtiles) character file.

Game seed: 8820408367326016439

81 LustLizard the Magician (level 4, -1/46 HPs)
             Began as a Djinni Fire Elementalist on Sept 26, 2022.
             Slain by Terence
             ... wielding a +0 hand axe
              (3 damage)
             ... on level 3 of the Dungeon.
             The game lasted 00:03:32 (2564 turns).

LustLizard the Magician (Djinni Fire Elementalist)  Turns: 2564, Time: 00:03:33

Health: -1/46      AC: 22    Str:  7    XL:     4   Next: 67%
Gold:   68         EV:  2    Int: 19    God:
                   SH:  0    Dex: 13

rFire   . . .      SeeInvis .   e - +0 dagger
rCold   . . .      Faith    .   (no shield)
rNeg    . . .      Spirit   .   (body armour currently unavailable)
rPois   ∞          Reflect  .   (helmet currently unavailable)
rElec   .          Harm     .   (cloak currently unavailable)
rCorr   .          Rampage  .   (gloves currently unavailable)
Will    .....      NoTele   +   (boots unavailable)
Stlth   ++........              (no amulet)
HPRegen 0.15/turn               (no ring)
MPRegen 0.00/turn               (no ring)

@: tree-form
A: stationary, stasis, torment immunity, boosted hp, sickness immunity, (fire
resistance 2), (cold vulnerability 1), float, innate caster, HP casting, extra
vitality 1
a: no special abilities


You were on level 3 of the Dungeon.
You were a tree.
You visited 1 branch of the dungeon, and saw 3 of its levels.

You collected 68 gold pieces.

Inventory:

Hand Weapons
 e - a +0 dagger (weapon)
Armour
 a - a +0 robe (melded)
Scrolls
 b - 4 scrolls of teleportation
 c - 3 scrolls of amnesia {unknown}
 d - a scroll of butterflies {unknown}
 g - a scroll of poison {unknown}
 h - a scroll of acquirement {unknown}
 m - a scroll of immolation {unknown}
 n - a scroll of enchant armour {unknown}
Potions
 j - a potion of cancellation
 k - a potion of curing {unknown}
 l - a potion of heal wounds {unknown}


   Skills:
 - Level 2.1 Dodging
 + Level 2.5 Stealth
 * Level 3.5 Spellcasting


You couldn't memorise any spells.
You knew the following spells:

 Your Spells              Type           Power      Damage    Failure   Level
a - Foxfire               Conj/Fire      64%        2x1d7     3%          1
b - Scorch                Fire           32%        2d6       4%          2
c - Conjure Flame         Conj/Fire      16%        6-21      10%         3
d - Inner Flame           Hex/Fire       16%        N/A       10%         3
e - Flame Wave            Conj/Fire      16%        2d7       32%         4
f - Beastly Appendage     Tmut           32%        N/A       3%          1
Your spell library was empty.

Dungeon Overview and Level Annotations

Branches:
Dungeon (3/15)

Altars:
Fedhas

Annotations:
D:3 Terence


Innate Abilities, Weirdness & Mutations

You are a tree.
Your roots penetrate the ground, keeping you stationary.
You cannot be teleported.
You are immune to unholy pain and torment.
Your maximum health is greatly increased.
Your equipment is partially melded.
You are immune to sickness and miasma.
You are immune to poison.
((Your flesh is very heat resistant. (rF++)))
((You are vulnerable to cold. (rC-)))
You float through the air rather than walking.
You learn spells naturally, not from books.
Your magical power is your life essence.
You have superior vitality. (+4 MHP)


Message History

Terence is moderately wounded.
Terence hits you but does no damage.
You hit Terence.
Terence is heavily wounded.
Terence hits you but does no damage.
You hit Terence but do no damage.
Terence is heavily wounded.
Terence hits you but does no damage.
You hit Terence but do no damage.
Terence is heavily wounded.
Terence hits you but does no damage.
You hit Terence but do no damage.
Terence is heavily wounded.
Terence hits you with a +0 hand axe.
* * * LOW HITPOINT WARNING * * *
You barely miss Terence.
Terence is heavily wounded.
Terence hits you but does no damage.
You hit Terence but do no damage.
Terence is heavily wounded.
Terence hits you but does no damage.
You hit Terence but do no damage.
Terence is heavily wounded.
Terence hits you but does no damage.
You hit Terence but do no damage.
Terence is heavily wounded.
Terence hits you but does no damage.
You closely miss Terence.
Terence is heavily wounded.
Terence hits you but does no damage.
You hit Terence.
Terence is heavily wounded.
Terence hits you but does no damage.
You completely miss Terence.
Terence is heavily wounded.
Terence barely misses you.
You barely miss Terence. Your punch misses Terence.
Terence is heavily wounded.
Terence hits you with a +0 hand axe.
You die...

#.# #.# ##
#.###### #..
#[.....# #..
######.# #..###
#.# #..#.. #.#
#....#### #.#
#.......# #.#
#...♣# .# #.#
#.##@# .# #.#
#.##.##.###
#.###.##......#
#.....##......###
#####............
#.##......###
#.##......#
#.#.#.#......


You could see Terence (resistant).

Vanquished Creatures
  Natasha (D:3)
  A worm (D:2)
  2 dart slugs (D:1)
  5 endoplasms
  2 giant cockroaches (D:2)
  3 goblins (D:2)
  5 hobgoblins
  4 jackals (D:2)
  2 quokkas (D:1)
  5 ball pythons
  4 bats
  4 frilled lizards
  4 kobolds
  3 rats
45 creatures vanquished.

Vanquished Creatures (others)
  162 foxfires
162 creatures vanquished.

Grand Total: 207 creatures vanquished

Notes
Turn   | Place    | Note
-------+----------+-------------------------------------------
     0 | D:1      | LustLizard the Djinni Fire Elementalist began the quest for
                  | the Orb.
     0 | D:1      | LustLizard set off with the following spells memorised:
                  | Foxfire, Scorch, Conjure Flame, Inner Flame, Flame Wave.
     0 | D:1      | Reached XP level 1. HP: 15/15 MP: 0/0
   296 | D:1      | Reached XP level 2. HP: 16/21 MP: 0/0
   831 | D:1      | Reached XP level 3. HP: 23/25 MP: 0/0
   831 | D:1      | Learned a level 1 spell: Beastly Appendage
   957 | D:1      | Reached skill level 3 in Spellcasting
  1822 | D:2      | Reached XP level 4. HP: 24/31 MP: 0/0
  2033 | D:2      | Found a blossoming altar of Fedhas.
  2400 | D:3      | Noticed Natasha
  2413 | D:3      | Killed Natasha
  2508 | D:3      | Noticed Terence
  2548 | D:3      | HP: 2/46 [Terence/+0 hand axe (2)]
  2556 | D:3      | HP: 1/46 [Terence/+0 hand axe (2)]
  2564 | D:3      | Slain by Terence

Illustrated notes

Levels and vault maps discovered:
D:1:      dpeg_arrival_radiant, layout_rooms, minmay_misc_feat_secret_circle
D:2:      layout_basic, basic_altar, minivault_4
D:3:      layout_loops_ring, hellmonk_ecumenical_altar_leap_of_faith,
          kennysheep_generic_room_14, uniq_pargi, uniq_natasha, uniq_terence

Skill      XL: |  1  2  3 |
---------------+----------+-----
Stealth        | 2 |  2.5
Spellcasting   | 3 |  3.5
Dodging        | |  2.1

Action                   |  1- 3 |  4- 6 || total
-------------------------+-------+-------++-------
Melee: Unarmed           |     2 |       ||     2
       Dagger            |     6 |    28 ||    34
 Cast: Foxfire           |    72 |    19 ||    91
  Use: Scroll            |       |     3 ||     3
       Potion            |       |     1 ||     1
 Stab: Sleeping          |       |     1 ||     1
Armor: Robe              |     2 |       ||     2
       Skin              |       |    21 ||    21
Dodge: Dodged            |    14 |     4 ||    18
